 Dungeon Crawl Stone Soup version 0.31-a0-268-g4392ee761c (webtiles) character file.

Game seed: 1802681324882467628

105 qw the Shooter (level 4, -2/26 HPs)
             Began as a Gargoyle Hexslinger on July 14, 2023.
             Slain by a jackal (3 damage)
             ... on level 2 of the Dungeon.
             The game lasted 00:00:39 (1663 turns).

qw the Shooter (Gargoyle Hexslinger)                Turns: 1663, Time: 00:00:39

Health: -2/26      AC:  9    Str: 11    XL:     4   Next: 81%
Magic:  5/5        EV: 15    Int: 14    God:
Gold:   81         SH:  0    Dex: 14    Spells: 4/5 levels left

rFire   + . .        Y - +2 sling
rCold   . . .        (no shield)
rNeg    + . .        c - +0 ring mail
rPois   inf          (no helmet)
rElec   +            d - +0 cloak "Miuqah" {rF+ Will+}
rCorr   .            (no gloves)
SInv    .            (no boots)
Will    +....        (no amulet)
Stlth   +            i - +5 ring of evasion
HPRegen 0.24/turn    (no ring)
MPRegen 0.09/turn

%: no passive effects
@: no status effects
A: sickness immunity, AC +3, negative energy resistance 1, electricity
resistance, torment resistance 1, petrification resistance
a: no special abilities


You were on level 2 of the Dungeon.
You visited 1 branch of the dungeon, and saw 3 of its levels.

You collected 81 gold pieces.


Innate Abilities, Weirdness & Mutations

You are immune to sickness and miasma.
Your stone body is resilient. (AC +3)
You are immune to poison.
You resist negative energy. (rN+)
You are resistant to electric shocks. (rElec)
You are resistant to unholy torment.
You are immune to petrification.


   Skills:
 - Level 2.0 Fighting
 - Level 4.4 Ranged Weapons
 + Level 0.5 Armour
 - Level 1.5 Dodging
 - Level 1.0 Spellcasting
 - Level 2.6 Hexes


You had 4 spell levels left.
You knew the following spells:

 Your Spells              Type           Power      Damage    Failure   Level
a - Slow                  Hex            32%        N/A       22%         1

Your spell library contained the following spells:

 Spells                   Type           Power      Damage    Failure   Level
 Inner Flame              Hex/Fire       4%         N/A       73%         3
 Portal Projectile        Hex/Tloc       8%         N/A       73%         3
 Cause Fear               Hex            4%         N/A       91%         4

Inventory:

Hand Weapons
 Y - a +2 sling (weapon)
Armour
 c - a +0 ring mail (worn)
 d - the +0 cloak "Miuqah" (worn) {rF+ Will+}
   (You found it on level 2 of the Dungeon)

   rF:        It protects you from fire.
   Will:      It increases your willpower.
Jewellery
 i - a +5 ring of evasion (left hand)
Scrolls
 h - 3 scrolls of enchant armour
Potions
 b - a potion of curing

Dungeon Overview and Level Annotations

Branches:
Dungeon (3/15)

Altars:
Xom


Message History

The orc completely misses you.
The jackal bites you but does no damage.
The jackal closely misses you. The jackal misses you. The orc misses you.
The goblin closely misses you.
The frilled lizard completely misses you.
You shoot a sling bullet. The sling bullet hits the worm.
The worm is severely wounded.
The jackal closely misses you. The jackal misses you.
The jackal barely misses you. The worm bites you. The goblin misses you.
The frilled lizard barely misses you. The orc closely misses you.
The jackal closely misses you. x2
The jackal bites you but does no damage.
You shoot a sling bullet. The sling bullet hits the worm.
You kill the worm!
The jackal closely misses you. The jackal barely misses you.
The jackal bites you but does no damage.
The frilled lizard closely misses you. The goblin barely misses you.
The orc barely misses you. The jackal barely misses you.
You shoot a sling bullet.
The sling bullet closely misses the orc.
The jackal bites you but does no damage. x2
The orc hits you but does no damage. The goblin closely misses you.
The frilled lizard bites you but does no damage.
The jackal barely misses you. The jackal closely misses you. x2
You shoot a sling bullet. The sling bullet hits the orc.
You kill the orc!
The jackal barely misses you. The jackal closely misses you. x2
The goblin barely misses you.
The frilled lizard bites you but does no damage.
The jackal bites you. The jackal closely misses you. The jackal bites you.
The frilled lizard misses you. The goblin closely misses you.
You shoot a sling bullet.
The sling bullet closely misses the jackal.
The jackal closely misses you.
The jackal bites you but does no damage.
The jackal closely misses you. The goblin completely misses you.
The frilled lizard closely misses you.
The jackal bites you but does no damage.
The jackal bites you.
You die...

#.##.#.# ##.#.##..##...
#.##.#.#####.#.##...##..
#.##.#.......#.##...###.
#.#.....####..........##
#.......####.#.##...#..#
#............#.##..[....
##......######.##.#.###.
##...)l######.##....##.
##...@h..........#....
###hhg............###
##.#####.......##
#...........###
#########...# ##.## #.#
#.# #.#


You could see 3 jackals, a goblin and a frilled lizard.

Vanquished Creatures
  Jessica (D:2)
  3 adders (D:2)
  2 worms (D:2)
  2 dart slugs (D:2)
  An orc (D:2)
  4 endoplasms
  3 giant cockroaches
  2 goblins
  2 hobgoblins
  A jackal (D:3)
  A quokka (D:2)
  7 ball pythons
  3 bats
  3 frilled lizards
  4 kobolds
  3 rats
42 creatures vanquished.

Notes
Turn   | Place    | Note
-------+----------+-------------------------------------------
     0 | D:1      | qw the Gargoyle Hexslinger began the quest for the Orb.
     0 | D:1      | Reached XP level 1. HP: 12/12 MP: 2/2
     0 | D:1      | 0 ||| qw: Version: 0.3-a-52-g30416fa
     0 | D:1      | 0 ||| qw: Game counter: 7930
     0 | D:1      | 0 ||| qw: Melee chars always use a shield: true
     0 | D:1      | 0 ||| qw: God list: Okawaru
     0 | D:1      | 0 ||| qw: Allow faded altars: false
     0 | D:1      | 0 ||| qw: Do Orc after clearing Dungeon:15 true
     0 | D:1      | 0 ||| qw: Do second Lair branch before Depths: true
     0 | D:1      | 0 ||| qw: Lair rune preference: random
     0 | D:1      | 0 ||| qw: Goals: Normal
     0 | D:1      | 0 ||| PLANNING D:1-11
   175 | D:1      | Reached XP level 2. HP: 16/16 MP: 3/3
   494 | D:1      | Reached skill level 3 in Ranged Weapons
   765 | D:1      | 765 ||| UPGRADING to +0 leather armour.
   775 | D:1      | 775 ||| DROPPING +0 robe.
   776 | D:1      | 776 ||| DROPPING ring of wizardry.
   777 | D:1      | 777 ||| UPGRADING to +5 ring of evasion.
   778 | D:1      | 778 ||| READING scroll labelled FAKHLIT MULAQ.
   779 | D:1      | 779 ||| READING 2 scrolls labelled ERERITY XODAPO.
   780 | D:1      | 780 ||| READING 4 scrolls labelled NIZUMU WOAWE.
   781 | D:1      | 781 ||| DROPPING scroll of poison.
   782 | D:1      | 782 ||| DROPPING scroll of revelation.
   827 | D:2      | Found a shimmering altar of Xom.
   873 | D:2      | Reached XP level 3. HP: 21/21 MP: 4/4
   901 | D:2      | 901 ||| FLEEEEING.
  1026 | D:2      | Noticed Jessica
  1027 | D:2      | Killed Jessica
  1047 | D:2      | Reached XP level 4. HP: 19/26 MP: 5/5
  1142 | D:2      | Reached skill level 4 in Ranged Weapons
  1167 | D:2      | Identified the +0 cloak "Miuqah" {rF+ Will+}
  1583 | D:2      | 1583 ||| UPGRADING to +0 ring mail.
  1593 | D:2      | 1593 ||| UPGRADING to +0 cloak "Miuqah" {rF+ Will+}.
  1598 | D:2      | 1598 ||| DROPPING +0 leather armour.
  1599 | D:2      | 1599 ||| READING scroll labelled PUYTU OCLUTS.
  1600 | D:2      | 1600 ||| DRINKING 2 fizzy coppery potions.
  1609 | D:2      | 1609 ||| DRINKING 2 brown potions.
  1610 | D:2      | 1610 ||| DROPPING potion of ambrosia.
  1651 | D:3      | 1651 ||| STAIRDANCE
  1659 | D:2      | HP: 2/26 [worm (6)]
  1663 | D:2      | Slain by a jackal

Levels and vault maps discovered:
D:1:      saegor_arrival_simple_e, layout_basic
D:2:      kennysheep_big_flooded_room, layout_loops_ring, basic_altar,
          uniq_jessica
D:3:      layout_basic, vehumet_crystals, nicolae_ru_sacrificial_ziggurat,
          hellmonk_ecumenical_altar_slurped_away, chequers_big_river,
          chequers_serial_rivers_micro_c, minmay_curled_crystal,
          grunt_ministairs_2

Skill      XL: |  1  2  3  4 |
---------------+-------------+-----
Ranged Weapons | 3 4 |  4.4
Fighting       | 2 |  2.0
Armour         | |  0.5
Dodging        | |  1.5
Spellcasting   | |  1.0
Hexes          | |  2.6

Action                     |  1- 3 |  4- 6 || total
---------------------------+-------+-------++-------
   Fire: Sling             |    72 |    58 ||   130
    Use: Scroll            |     3 |     1 ||     4
         Potion            |       |     2 ||     2
 Armour: Robe              |     3 |       ||     3
         Leather armour    |     2 |     6 ||     8
         Ring mail         |       |    36 ||    36
  Dodge: Dodged            |    12 |   121 ||   133

Table legend:
 A = Non-vault XP
 B = Vault XP
 C = Vault XP percentage of total XP
 D = Non-vault monster count
 E = Vault monster count
 F = Vault count percentage of total count
                 A         B        C        D         E       F
            +---------+---------+-------+---------+---------+-------
      Total |     104 |      46 |  30.7 |      37 |       5 |  11.9
            +---------+---------+-------+---------+---------+-------
        D:1 |      27 |       0 |   0.0 |      18 |       0 |   0.0
        D:2 |      77 |      44 |  36.4 |      19 |       4 |  17.4
        D:3 |       0 |       2 | 100.0 |       0 |       1 | 100.0
            +---------+---------+-------+---------+---------+-------
